 Dungeon Crawl Stone Soup version 0.22-a0-456-g11ed031 (webtiles) character file.

163 galech the Skirmisher (level 5, -3/33 HPs)
             Began as a Gargoyle Fighter on June 6, 2018.
             Killed from afar by an orc wizard (6 damage)
             ... with a magic dart
             ... on level 3 of the Dungeon.
             The game lasted 00:02:26 (1435 turns).

galech the Skirmisher (Gargoyle Fighter)            Turns: 1435, Time: 00:02:27

Health: -3/33      AC: 12    Str: 19    XL:     5   Next: 44%
Magic:  5/5        EV:  8    Int:  9    God:
Gold:   95         SH:  9    Dex: 10    Spells: 4/4 levels left

rFire    . . .     SeeInvis .   a - +0 flail
rCold    + . .     Gourm    .   c - +0 shield
rNeg     + . .     Faith    .   k - +2 ring mail {rC+}
rPois    ∞         Spirit   .   (no helmet)
rElec    +         Reflect  .   (no cloak)
rCorr    .         Harm     .   (no gloves)
MR       .....                  (no boots)
Stlth    +.........             (no amulet)
HPRegen  0.11/turn              h - +1 ring of protection
MPRegen  0.09/turn              (no ring)

@: no status effects
A: negative energy resistance 1, electricity resistance, unbreathing,
petrification resistance, rot immunity, AC +4
a: no special abilities


You were on level 3 of the Dungeon.
You were not hungry.

You visited 1 branch of the dungeon, and saw 3 of its levels.

You collected 95 gold pieces.

Inventory:

Hand Weapons
 a - a +0 flail (weapon)
Armour
 c - a +0 shield (worn)
 k - a +2 ring mail of cold resistance (worn)
 p - a +1 leather armour of magic resistance
Jewellery
 h - a +1 ring of protection (left hand)
Scrolls
 g - a scroll of noise {unknown}
 i - 4 scrolls of identify {unknown}
 l - a scroll of magic mapping {unknown}
 m - 2 scrolls of remove curse {unknown}
 n - a scroll of enchant weapon {unknown}
Potions
 d - a potion of might
 e - a potion of agility {unknown}
 j - 2 potions of degeneration {unknown}
Comestibles
 f - 5 rations
 o - 2 chunks of flesh


   Skills:
 + Level 4.1 Fighting
 + Level 3.8 Maces & Flails
 + Level 3.8 Armour
 + Level 0.7 Dodging
 + Level 0.2 Stealth
 + Level 3.9 Shields


You had 4 spell levels left.
You didn't know any spells.
Your spell library was empty.

Dungeon Overview and Level Annotations

Branches:
Dungeon (3/15)

Altars:
Hepliaklqana
Qazlal
Sif Muna


Innate Abilities, Weirdness & Mutations

You are resistant to torment.
Your stone body is resilient. (AC +4)
You are immune to poison.
You resist negative energy. (rN+)
You are resistant to electric shocks. (rElec)
You can survive without breathing.
You are immune to petrification.
You are immune to rotting.


Message History

You are too injured to fight recklessly!
You are too injured to fight recklessly!
You are too injured to fight recklessly!
You are too injured to fight recklessly!
You hit the orc priest.
The orc priest is almost dead.
You block the orc priest's attack.
The orc priest begins to cast a cantrip, but forgets the words!
You barely miss the orc priest.
The orc priest is almost dead.
The orc priest mumbles some strange prayers to Beogh against you.
Beogh smites you!
* * * LOW HITPOINT WARNING * * *
You hit the orc priest.
You kill the orc priest!
You completely miss something.
You hear some strange, mumbled words.
A magic dart appears from out of thin air!
The magic dart hits you!
You die...

## .# .# .# .#####
.....#
.###.############
.##<............####
.##.>...........@)o#
......#.........##..#
......#(##.###..#
...# ......#.##.#
#..# ..# ......#.##.#
#..# .# ..#...#.##.#
#..# # ......#.##.#
#..# #.#...#.##.#
#..# ......#.##.#
#..#


You could see an orc.

Vanquished Creatures
  A crimson imp (D:2)
  2 orc priests (D:3)
  2 adders (D:2)
  A worm (D:2)
  4 orcs (D:3)
  A ball python (D:2)
  A giant cockroach (D:3)
  4 goblins
  5 hobgoblins
  10 jackals
  A quokka (D:2)
  3 bats
  2 frilled lizards
  3 kobolds (D:1)
  5 rats
45 creatures vanquished.

Notes
Turn   | Place    | Note
-------+----------+-------------------------------------------
     0 | D:1      | galech the Gargoyle Fighter began the quest for the Orb.
     0 | D:1      | Reached XP level 1. HP: 14/14 MP: 1/1
   102 | D:1      | Reached XP level 2. HP: 16/19 MP: 2/2
   532 | D:2      | Reached XP level 3. HP: 21/24 MP: 3/3
   577 | D:2      | Found a faded altar of an unknown god.
   577 | D:2      | Found a faded altar of an unknown god.
   584 | D:2      | Found a deep blue altar of Sif Muna.
   586 | D:2      | Found a stormy altar of Qazlal.
   588 | D:2      | Found a hazy altar of Hepliaklqana.
  1034 | D:2      | Reached skill level 4 in Fighting
  1034 | D:2      | Reached XP level 4. HP: 29/29 MP: 4/4
  1332 | D:3      | Reached XP level 5. HP: 33/33 MP: 5/5
  1435 | D:3      | Killed from afar by an orc wizard

Vault maps used:
D:1:      minmay_arrival_solitary_statue
D:2:      chequers_temple_overflow_minitemple

Skill      XL: |  1  2  3 |
---------------+----------+-----
Fighting       | 4 |  4.1
Maces & Flails | 3 |  3.8
Armour         | |  3.8
Dodging        | |  0.7
Stealth        | |  0.2
Shields        | |  3.9

Action                   |  1- 3 |  4- 6 || total
-------------------------+-------+-------++-------
Melee: Flail             |   150 |    46 ||   196
  Eat: Chunk             |     1 |     1 ||     2
Armor: Scale mail        |    42 |       ||    42
       Ring mail         |    54 |    24 ||    78
Dodge: Dodged            |    56 |    11 ||    67
Block: Shield            |   111 |    19 ||   130

Table legend:
 A = Spawn XP
 B = Non-spawn XP
 C = Spawn XP percentage of total XP
 D = Spawn monster count
 E = Non-spawn monster count
 F = Spawn count percentage of total count
 G = Total turns spent on level
                    A         B        C        D         E        F      G
               +---------+---------+-------+---------+---------+-------+---------
         Total |       0 |     233 |   0.0 |       0 |      45 |   0.0 |  1435
               +---------+---------+-------+---------+---------+-------+---------
           D:1 |       0 |      25 |   0.0 |       0 |      16 |   0.0 |   696
           D:2 |       0 |     112 |   0.0 |       0 |      22 |   0.0 |   515
           D:3 |       0 |      96 |   0.0 |       0 |       7 |   0.0 |   224
               +---------+---------+-------+---------+---------+-------+---------
